[Event "Late-Titled-Tuesday-Blitz-April-02-2024"]
[Site "Chess.com"]
[Date "2024.04.02"]
[Round "2"]
[White "gorgeous1083"]
[Black "misterlamine"]
[Result "1/2-1/2"]
[WhiteElo "2238"]
[BlackElo "2480"]
[TimeControl "180+1"]
[EndTime "14:17:46 PDT"]
[Termination "Game drawn - insufficient material"]

1. d4 Nf6 2. c4 g6 3. Nc3 Bg7 4. e4 d6 5. Nf3 O-O 6. Be2 Nbd7 7. Be3 e5 8. O-O Ng4 9. Qd2 Nxe3 10. Qxe3 f5 11. exf5 exd4 12. Nxd4 Bxd4 13. Qxd4 Rxf5 14.
Bg4 Rf6 15. Nd5 c5 16. Nxf6+ Nxf6 17. Qd2 Bxg4 18. f3 Be6 19. b3 d5 20. Rfe1 Bf7 21.
cxd5 Qxd5 22. Rad1 Qxd2 23. Rxd2 Kf8 24. Kf2 Rc8 25.
Re5 c4 26. bxc4 Rxc4 27. Rd8+ Ne8 28. Rd7 Rc7 29. Ree7 Rxd7 30. Rxd7 Bxa2 31. Rxb7 a6 32. Rxh7 Bf7 33. Rh4 Nd6 34. Rd4 Ke7 35. h4 Nc4 36.
Ke2 a5 37. Kd3 Ne5+ 38. Kc3 Nc6 39. Re4+ Kd6 40. Rf4 Be8 41. Rf6+ Kc5 42. Re6 Bf7 43. Rf6 Be8 44. g4 a4 45. h5 gxh5 46. gxh5 a3 47. Kb3 Nd4+ 48. Kxa3 Bxh5 49. f4 Kd5 50. Kb4 Ke4 51.
Rh6 Be2 52. Kc5 Nf5 53. Re6+ Kf3 54. Re5 Bd3 55. Rxf5 Bxf5 56. Kb6 Kxf4 1/2-1/2

[Event "Late-Titled-Tuesday-Blitz-April-02-2024"]
[Site "Chess.com"]
[Date "2024.04.02"]
[Round "2"]
[White "BardArtem"]
[Black "vladgoncharov"]
[Result "1-0"]
[WhiteElo "2848"]
[BlackElo "2564"]
[TimeControl "180+1"]
[EndTime "14:17:49 PDT"]
[Termination "BardArtem won by resignation"]

1. e4 e6 2. d4 d5 3. Nc3 Nf6 4. exd5 exd5 5. Bg5 Bb4 6. Ne2 c6 7. a3 Ba5 8. Qd3 h6 9. Bh4 O-O 10. O-O-O b5 11. Qf3 b4 12. axb4 Bxb4 13. Bxf6 Qxf6 14. Qxf6 gxf6 15. Ng3 a5 16. Na4 Nd7 17. Bd3 Re8 18.
Nf5 Bf8 19. Rde1 Bb7 20. c3 Re6 21. Re3 Rxe3 22. Nxe3 c5 23. Bf5 cxd4 24. cxd4 Bc6 25. Bxd7 Bxd7 26. Nb6 Rd8 27. Nxd7 Rxd7 28. Kc2 Kh7 29.
g4 Kg6 30. h4 Rc7+ 31. Kd3 Rb7 32. Kc2 Rb5 33. f4 Bd6 34. h5+ Kh7 35. Rf1 a4 36.
Nf5 Bf8 37. Ra1 Rb4 38. Kc3 Rc4+ 39. Kd3 Rb4 40. Ra2 Rb3+ 41. Kc2 Rb4 42. Ra3 Rc4+ 43. Rc3 Rxc3+ 44. bxc3 Ba3 45. Ne3 Bd6 46. Nxd5 Bxf4 47. Nxf4 Kg7 48. Kb2 f5 49. gxf5 Kf6 50. d5 Kxf5 51. Nd3 Kg5 52. d6 Kf6 53. c4 Ke6 54.
c5 Kd7 55. Ka3 f6 56. Kxa4 Kc6 57. Kb4 1-0

[Event "Late-Titled-Tuesday-Blitz-April-02-2024"]
[Site "Chess.com"]
[Date "2024.04.02"]
[Round "2"]
[White "BabageldiAnnaberdiyev"]
[Black "AryanTari"]
[Result "0-1"]
[WhiteElo "2598"]
[BlackElo "2962"]
[TimeControl "180+1"]
[EndTime "14:17:53 PDT"]
[Termination "AryanTari won by resignation"]

1. e4 e5 2. Nf3 Nc6 3. Bc4 Nf6 4. d4 exd4 5. O-O Nxe4 6. Re1 d5 7. Bxd5 Qxd5 8. Nc3 Qd8 9. Rxe4+ Be7 10. Nxd4 Bd7 11. Nd5 Kf8 12. Nxe7 Nxe7 13. Bg5 f6 14. Qf3 Nc6 15.
Rae1 h5 16. h3 Kg8 17. Qb3+ Kh7 18. Nxc6 Bxc6 19. Re7 fxg5 20. Qf7 Qf8 21. Qxh5+ Kg8 22. Qxg5 Re8 23. Rxe8 Bxe8 24. Qd5+ Kh7 25. Qxb7 Qd6 26.
Qxa7 Bg6 27. c3 Qd2 28. Qe3 Qxb2 29. Qd4 Rf8 30. Re7 Qc1+ 31. Kh2 Qf4+ 32. Qxf4 Rxf4 33. Rxc7 Rxf2 34. Kg3 Rxa2 35. Kf3 Rc2 36. c4 Bf5 37. h4 Be6 38. c5 Bd5+ 39. Kf4 Rxg2 40. Ke5 Bf3 41.
Rf7 Ba8 42. Kd6 Rd2+ 43. Kc7 Rc2 44. Rf5 Rc4 45. Re5 Rxh4 46. Kb8 Bf3 47. Kc7 Rc4 48.
Kd6 Kh6 49. Re6+ g6 50. Rf6 Be4 51. Re6 Kg5 52. Re5+ Kf4 53. Re6 g5 54. Rf6+ Ke3 55. Re6 g4 56. Re7 g3 57. Rg7 g2 58. Ke5 Rxc5+ 59.
Kd6 Rc1 0-1

[Event "Late-Titled-Tuesday-Blitz-April-02-2024"]
[Site "Chess.com"]
[Date "2024.04.02"]
[Round "2"]
[White "Mops_2004"]
[Black "subham777"]
[Result "1-0"]
[WhiteElo "2798"]
[BlackElo "2554"]
[TimeControl "180+1"]
[EndTime "14:18:00 PDT"]
[Termination "Mops_2004 won by resignation"]

1. g3 Nf6 2. Bg2 d5 3. Nf3 e6 4. O-O Be7 5. d3 O-O 6. Bf4 c5 7. a4 Nc6 8. e4 dxe4 9. dxe4 Nxe4 10. Ne5 Nxe5 11. Bxe5 Nf6 12. a5 a6 13. Nc3 Ra7 14.
Qxd8 Rxd8 15. Rfd1 Nd7 16. Bc7 Re8 17. Na4 Kf8 18.
Rd2 Nf6 19. Nb6 Nd5 20. Bxd5 exd5 21. Bb8 Ra8 22. Nxa8 Be6 23. Nc7 Rxb8 24. Nxd5 Bd8 25. c4 h5 26. b3 h4 27. Nb6 Bf6 28. Rad1 Bg4 29. Nd7+ Bxd7 30. Rxd7 h3 31. Kf1 Re8 32. Rxb7 Bc3 33. Ra7 Bxa5 34. Rxa6 Bc3 35. Rad6 Bf6 36. R6d5 g6 37. Rxc5 Kg7 38. b4 Ra8 39. b5 Ra2 40.
Rcd5 Rb2 41. Rc1 Bg5 42. Rc3 Bf6 43. Rcd3 Rb1+ 44. Rd1 Rb2 45. Rd6 Rb4 46. Rc6 g5 47.
g4 Rb2 48. b6 Be5 49. Kg1 Bf4 50. b7 Bb8 51. Ra6 Bc7 52. Ra3 Bf4 53. Rxh3 Bc7 54. Rc3 Rxb7 55. c5 Be5 56. c6 Rc7 57. Rc4 Bf4 58.
Rd7 Rc8 59. c7 Kf6 60. Rc6+ Kg7 61. Kg2 Kf8 62. Rd8+ 1-0

[Event "Late-Titled-Tuesday-Blitz-April-02-2024"]
[Site "Chess.com"]
[Date "2024.04.02"]
[Round "2"]
[White "flawian2008"]
[Black "Sina_Movahed"]
[Result "0-1"]
[WhiteElo "2530"]
[BlackElo "2982"]
[TimeControl "180+1"]
[EndTime "14:18:01 PDT"]
[Termination "Sina_Movahed won by resignation"]

1. e4 c5 2. Nf3 d6 3. d4 cxd4 4. Nxd4 Nf6 5. f3 g6 6. c4 Bg7 7.
Nc3 O-O 8. Be3 Nc6 9. Qd2 Nxd4 10. Bxd4 Be6 11. b3 Qa5 12. Be2 Rfc8 13. Rc1 a6 14. Be3 Nd7 15. O-O b5 16. Nd5 Qxd2 17. Bxd2 Bxd5 18. exd5 Bd4+ 19. Kh1 bxc4 20. Bxc4 a5 21.
Rfe1 Bf6 22. Bb5 Nc5 23. Bc6 Rab8 24. Rc4 Nd3 25. Re2 Nb4 26. Bxb4 Rxb4 27. Ree4 Rcb8 28. Kg1 Be5 29. g3 f5 30. Rh4 Bf6 31. Rhf4 Kf7 32.
Kf2 Be5 33. Rh4 h5 34. Ke2 Kf6 35. Kd3 Rxc4 36. Rxc4 g5 37. f4 gxf4 38. gxf4 Bb2 39. Ra4 Rb4 40. Rxa5 Rxf4 41. Ra8 Rf3+ 42. Ke2 Rh3 43.
a4 Rxh2+ 44. Kf3 Rh3+ 45. Kg2 Rxb3 46. a5 Ra3 47. a6 Bd4 48. Bb7 h4 49. Rh8 Kg5 50.
Re8 h3+ 51. Kh1 Be5 52. Rg8+ Kf4 53. Kh2 Ke4+ 54. Kh1 f4 55. Bc8 Ra1+ 56. Kh2 f3+ 57. Kxh3 Rh1+ 58. Kg4 Rg1+ 59. Kh5 Rxg8 60. a7 Rxc8 0-1

[Event "Late-Titled-Tuesday-Blitz-April-02-2024"]
[Site "Chess.com"]
[Date "2024.04.02"]
[Round "2"]
[White "GlavkonVVS"]
[Black "Rud_Makarian"]
[Result "0-1"]
[WhiteElo "2614"]
[BlackElo "3033"]
[TimeControl "180+1"]
[EndTime "14:18:02 PDT"]
[Termination "Rud_Makarian won by resignation"]

1. c4 e6 2. Nc3 d5 3. d4 Nf6 4. Nf3 dxc4 5. e3 a6 6. a4 c5 7. Bxc4 Nc6 8. O-O Be7 9. dxc5 Qxd1 10.
Rxd1 Bxc5 11. e4 Ng4 12. Rd2 b6 13. h3 Nge5 14. Nxe5 Nxe5 15. Be2 Bb7 16. b3 Nc6 17.
Bb2 Ke7 18. Na2 Rhd8 19. Rad1 Rxd2 20. Rxd2 f6 21. Kf1 Rc8 22. Bc3 a5 23. Bc4 Ne5 24.
Bxe5 fxe5 25. f3 Bc6 26. Nc3 Bb4 27. Rd3 Bxc3 28. Rxc3 b5 29. Bd3 bxa4 30. bxa4 Kd6 31.
Ke2 Rb8 32. Bc2 Rb4 33. g4 g5 34. Rd3+ Rd4 35. Ke3 Kc5 36. Rc3+ Rc4 37. Kd3 Rxc3+ 38.
Kxc3 Be8 39. Bb3 Bd7 40. Bc2 Be8 41. Bb3 h5 42. Bc2 h4 43. Bb3 Bc6 44. Bc2 Bb7 45.
Bb3 Ba6 46. Kd2 Bc4 47. Bc2 Kb4 48. Ke3 Kc3 49. Bd1 Bf1 50. Kf2 Bd3 51. Ke3 Bc2 52.
Bxc2 Kxc2 53. f4 exf4+ 54. Kd4 Kd2 0-1

[Event "Late-Titled-Tuesday-Blitz-April-02-2024"]
[Site "Chess.com"]
[Date "2024.04.02"]
[Round "2"]
[White "GMG"]
[Black "WilsonPalencia21"]
[Result "1/2-1/2"]
[WhiteElo "2785"]
[BlackElo "2561"]
[TimeControl "180+1"]
[EndTime "14:18:05 PDT"]
[Termination "Game drawn by repetition"]

1. d4 Nf6 2. c4 c5 3. Nf3 g6 4.
d5 Bg7 5. Nc3 O-O 6. e4 d6 7. Bd3 Bg4 8. h3 Bxf3 9. Qxf3 Na6 10. O-O Nc7 11. Qe2 e6 12. a4 exd5 13. cxd5 Nh5 14.
Ra3 Re8 15. g4 Nf6 16. Bf4 h5 17. Qf3 hxg4 18. hxg4 Qd7 19. Be2 a6 20. g5 Nh5 21.
Bc1 b5 22. axb5 axb5 23. Rxa8 Rxa8 24. Qh1 b4 25. Nd1 Re8 26. Bxh5 gxh5 27. f3 Bd4+ 28. Kg2 Kg7 29. Qh4 Qb5 30. Be3 Qe2+ 31. Qf2 Qxf2+ 32.
Kxf2 Nb5 33. Ke2 Ra8 34. Kd3 Ra2 35. Bxd4+ Nxd4 36. f4 f6 37. Rg1 f5 38. e5 dxe5 39. fxe5 Nf3 40. Rf1 Nxe5+ 41. Kc2 Kg6 42. Ne3 c4 43.
Rxf5 Ng4 44. Rf3 c3 45. Nd1 Kxg5 46. Kb3 Ra1 47. Ne3 Rb1 48. Nc4 h4 49. d6 Rd1 50.
bxc3 bxc3 51. Kxc3 Rc1+ 52. Kb3 Rxc4 53. Kxc4 Ne5+ 54.
Kd5 Nxf3 55. d7 h3 56. d8=Q+ Kg4 57. Ke4 Ng5+ 58. Ke3 h2 59. Qa8 Kg3 60. Qh1 Nh3 61. Qe1+ Kg2 62. Qe2+ Kg1 63. Qe1+ Kg2 64. Qe2+ Kg1 65.
Qe1+ Kg2 1/2-1/2

[Event "Late-Titled-Tuesday-Blitz-April-02-2024"]
[Site "Chess.com"]
[Date "2024.04.02"]
[Round "2"]
[White "anasta10"]
[Black "MarcoRiehle"]
[Result "1/2-1/2"]
[WhiteElo "2564"]
[BlackElo "2790"]
[TimeControl "180+1"]
[EndTime "14:18:12 PDT"]
[Termination "Game drawn - insufficient material"]

1. Nf3 c5 2. c4 Nf6 3. g3 d5 4. cxd5 Nxd5 5. Bg2 Nc6 6. O-O e5 7. Nc3 Be6 8. d3 Be7 9. Nxd5 Bxd5 10. Be3 O-O 11.
Rc1 b6 12. a3 Rc8 13. Qd2 Qd7 14.
Rfe1 f6 15. Qc2 Nd4 16. Bxd4 cxd4 17. Qb1 b5 18. Nd2 a5 19. Rxc8 Rxc8 20. Rc1 Bxg2 21.
Kxg2 Qd5+ 22. f3 Rc6 23. g4 g6 24. Nf1 Kg7 25. Ng3 a4 26. h4 Rc5 27. Ne4 Rc6 28. Ng3 Qd7 29. h5 Qc7 30. Rxc6 Qxc6 31. Qd1 b4 32. axb4 Bxb4 33. hxg6 hxg6 34. Ne4 Be7 35.
Ng3 Qb5 36. Qc2 Kf7 37. Ne4 f5 38. gxf5 gxf5 39. Ng3 Qd7 40. Qc4+ Kg6 41. Qa6+ Bf6 42. Qb6 Qg7 43. Kf1 Kg5 44. Qe6 Qg6 45. Qd7 Kf4 46. Nh1 Qh5 47. Nf2 Bh4 48. Qc7 Bxf2 49. Kxf2 Qh2+ 50. Ke1 Qg1+ 51. Kd2 Qe3+ 52. Kd1 Qg1+ 53.
Kd2 Qb1 54. Qc2 Qxc2+ 55. Kxc2 Ke3 56. Kd1 e4 57. fxe4 fxe4 58. dxe4 Kxe4 59. Kd2 Ke5 60.
Kd3 Kd5 61. e3 dxe3 62. Kxe3 Kc4 63. Kd2 a3 64. bxa3 Kb3 65. a4 Kxa4 1/2-1/2

[Event "Late-Titled-Tuesday-Blitz-April-02-2024"]
[Site "Chess.com"]
[Date "2024.04.02"]
[Round "2"]
[White "wild3000"]
[Black "LeninGuerra"]
[Result "0-1"]
[WhiteElo "2376"]
[BlackElo "2725"]
[TimeControl "180+1"]
[EndTime "14:18:13 PDT"]
[Termination "LeninGuerra won by checkmate"]

1. d4 Nf6 2. Nf3 c5 3. e3 cxd4 4. exd4 b6 5. c4 Bb7 6. Nc3 e6 7. Be2 Be7 8. O-O O-O 9. d5 exd5 10. cxd5 d6 11. Nd4 Re8 12. Bf3 Bf8 13. Bg5 h6 14.
Bh4 a6 15. Qd2 Nbd7 16. Nc6 Bxc6 17. dxc6 Ne5 18. Bd5 Rc8 19. Rfe1 Be7 20. Bxf6 Bxf6 21. Ne4 Be7 22. Rac1 Bf8 23. a4 b5 24. axb5 axb5 25. b3 Qb6 26. Qf4 Rc7 27. h3 Kh8 28. Re3 Qd4 29. Bxf7 Rxf7 30. Qg3 Nxc6 31. Rxc6 Rxe4 32. Rxe4 Qxe4 33. Rc8 Kh7 34. h4 Be7 35. f3 Qxh4 36. Qxh4 Bxh4 37. Rb8 Rf5 38. Kf1 Re5 39. g3 Bxg3 40.
Kg2 Bf4 41. Re8 Rxe8 42. Kh3 g5 43. Kg4 Kg6 44. b4 h5+ 45. Kh3 d5 46. Kg2 d4 47.
Kf1 d3 48. Kg2 d2 49. Kh3 d1=B 50. Kg2 Bd2 51. Kf2 Bxb4 52. Kf1 Bc5 53. Kg2 b4 54. f4 g4 55. Kh2 Kf5 56. Kg3 b3 57. Kh4 b2 58. Kg3 b1=N 59. Kg2 Nc3 60. Kg3 Ne4+ 61. Kg2 h4 62. Kh2 Bg1+ 63. Kh1 Bf3+ 64. Kxg1 g3 65. Kf1 h3 66. Kg1 h2+ 67. Kf1 Kxf4 68. Ke1 h1=N 69. Kf1 Nhf2 70. Kg1 Ng5 71. Kf1 Re6 72. Kg1 Ngh3+ 73. Kf1 g2# 0-1

[Event "Late-Titled-Tuesday-Blitz-April-02-2024"]
[Site "Chess.com"]
[Date "2024.04.02"]
[Round "2"]
[White "HeroWilczek"]
[Black "Blackmind96"]
[Result "0-1"]
[WhiteElo "2544"]
[BlackElo "2755"]
[TimeControl "180+1"]
[EndTime "14:18:14 PDT"]
[Termination "Blackmind96 won by resignation"]

1. e4 c5 2. Nc3 d6 3. Nge2 a6 4. g3 g6 5. Bg2 Bg7 6. d4 cxd4 7. Nxd4 Nc6 8. Be3 h5 9. h3 Nf6 10. O-O Nd7 11. Nde2 O-O 12. a4 b6 13. Qd2 Bb7 14.
Bh6 Rc8 15. Bxg7 Kxg7 16. Nd5 Nc5 17. Nd4 Nxd4 18. Qxd4+ e5 19. Qd2 h4 20. Kh2 Bc6 21.
b3 Ne6 22. Rad1 Nd4 23. Nc3 Bb7 24. Rc1 Qf6 25. Qe3 Rc7 26. Ne2 Nxe2 27. Qxe2 Rc3 28.
Rfd1 Rfc8 29. Rd2 Qg5 30. gxh4 Qf4+ 31. Kg1 Rxb3 32. Rcd1 Rbc3 33. Rxd6 Rxc2 34. R6d2 Rxd2 35. Qxd2 Qxd2 36. Rxd2 Bc6 37. Rc2 Bd7 38. Rb2 Rb8 39. a5 Bb5 40. axb6 Rxb6 41. Bf1 Rc6 42. Bxb5 Rb6 43.
Kg2 axb5 44. Kf3 b4 45. Ke3 Kh6 46. Kd3 Kh5 47. Kc4 Kxh4 48. Rb3 f6 49. Kc5 Rb8 50. Kd6 g5 51. Ke6 Rb6+ 52. Kf5 Kh5 53. f3 Kh4 54. Kg6 Kxh3 55. Kf5 Kh4 56. Kg6 g4 57. Kf5 g3 58.
Rb2 b3 59. f4 Kh3 60. fxe5 fxe5 61. Kxe5 g2 0-1

[Event "Late-Titled-Tuesday-Blitz-April-02-2024"]
[Site "Chess.com"]
[Date "2024.04.02"]
[Round "2"]
[White "TigrVShlyape"]
[Black "ArmanGhevondyanchess"]
[Result "1/2-1/2"]
[WhiteElo "2952"]
[BlackElo "2605"]
[TimeControl "180+1"]
[EndTime "14:18:18 PDT"]
[Termination "Game drawn by stalemate"]

1. e4 c5 2. Nf3 Nc6 3. Bb5 g6 4. Bxc6 bxc6 5. O-O Bg7 6. Re1 Rb8 7. e5 f6 8. d3 fxe5 9. Nxe5 Nf6 10. d4 cxd4 11.
Qxd4 O-O 12. Qc4+ e6 13. Nc3 Nd5 14. Nxd5 cxd5 15. Qe2 d6 16. Nc6 Qc7 17. Nxb8 Qxb8 18. c3 e5 19. Bg5 Rf7 20. Rad1 Be6 21. Qd2 Qb6 22. Be3 Qa6 23. b3 Qc6 24. f3 Bf8 25.
Rc1 Be7 26. Bg5 Bf8 27. Kh1 Bf5 28. Rcd1 Be6 29. Qe3 Qa6 30. Rd2 Qa5 31. Rc1 Bg7 32. h3 Qa3 33. Rcd1 Qa5 34. c4 d4 35. Qe4 h6 36. Bh4 Kh7 37. Qc6 Bf8 38. Bg3 Qd8 39.
Kh2 h5 40. Qe4 Bf5 41. Qd5 Qe7 42. Re1 Be6 43. Qe4 Bf5 44. Qd5 Be6 45. Qe4 Bh6 46.
Rxd4 exd4 47. Qxe6 Qxe6 48. Rxe6 Rd7 49. Re4 Be3 50. Bf4 d5 51. cxd5 Bxf4+ 52. Rxf4 Rxd5 53. Re4 d3 54. Re1 d2 55. Rd1 g5 56. Kg3 Kg6 57.
Kf2 g4 58. hxg4 hxg4 59. fxg4 Kg5 60. Ke3 Kxg4 61. Rxd2 Ra5 62. Rd4+ Kg3 63. Ra4 Rxa4 64. bxa4 Kxg2 65. a5 Kg3 66. a6 Kg4 67. Ke4 Kg5 68.
Ke5 Kg6 69. Kd6 Kf6 70. Kc7 Ke7 71. Kb7 Kd7 72. Kxa7 Kc7 73. a3 Kc8 74. Kb6 Kb8 75. a7+ Ka8 76. a4 1/2-1/2

[Event "Late-Titled-Tuesday-Blitz-April-02-2024"]
[Site "Chess.com"]
[Date "2024.04.02"]
[Round "2"]
[White "TERMINATOR_PC"]
[Black "Kacparov"]
[Result "0-1"]
[WhiteElo "2586"]
[BlackElo "2924"]
[TimeControl "180+1"]
[EndTime "14:18:21 PDT"]
[Termination "Kacparov won on time"]

1. e4 c5 2. Nf3 e6 3. d4 cxd4 4. Nxd4 Nc6 5. Nc3 Qc7 6. Qd3 a6 7. Nxc6 bxc6 8. Qg3 Qxg3 9. hxg3 d5 10. Na4 Rb8 11.
exd5 cxd5 12. Bf4 Rb4 13. b3 e5 14. Be3 Nf6 15. f3 d4 16. Bd2 Rb8 17. c3 Bd6 18.
cxd4 exd4 19. Kf2 O-O 20. Bd3 h6 21. g4 Nd5 22. g5 Nf4 23. Bxf4 Bxf4 24. gxh6 Bxh6 25.
g3 Be3+ 26. Kg2 g6 27. Nc5 Rb6 28. Rh4 Kg7 29. Rah1 a5 30. Ne4 Rg8 31. Kf1 Be6 32.
Rh7+ Kf8 33. R1h2 Rc6 34. Rc2 Rxc2 35. Bxc2 Ke7 36. Ke2 Rc8 37. Kd1 Bd5 38. Rh2 f5 39. Nd2 Bxd2 40. Kxd2 Bxf3 41. Rh7+ Kf6 42. Rd7 Ke5 43.
Re7+ Kd6 44. Rg7 Be4 45. Rxg6+ Ke5 46. Bd1 Rh8 47. Ra6 Rh2+ 48. Ke1 Rh1+ 49. Kd2 Rh2+ 50. Ke1 Rxa2 51. b4 Rb2 52. Rxa5+ Kf6 53. b5 Ke7 54. Ra7+ Kd6 55. Ra6+ Kc5 56. b6 Rb1 57. Kd2 Rb2+ 58. Kc1 Rb4 59. Ra5+ Kxb6 60. Re5 Kc7 61. Kd2 Kd6 62. Re8 Rb2+ 63. Ke1 Bc6 64. Rf8 Ke5 65. Rc8 Bd7 0-1

[Event "Late-Titled-Tuesday-Blitz-April-02-2024"]
[Site "Chess.com"]
[Date "2024.04.02"]
[Round "2"]
[White "VinzentSpitzl"]
[Black "Kostukov_Alex"]
[Result "1/2-1/2"]
[WhiteElo "2536"]
[BlackElo "2298"]
[TimeControl "180+1"]
[EndTime "14:18:22 PDT"]
[Termination "Game drawn - insufficient material"]

1. Nf3 g6 2. d4 Bg7 3. c4 d6 4. g3 e5 5. dxe5 dxe5 6. Qxd8+ Kxd8 7. Bg2 f6 8. Nc3 Nd7 9. b3 c6 10. Ba3 Bf8 11. Bxf8 Nxf8 12. Rd1+ Ke7 13. h4 h5 14. O-O Nh6 15. Nd2 Ng4 16. Nde4 Ne6 17. e3 f5 18. Nd6 Rd8 19. Nxc8+ Raxc8 20. Bf3 a5 21. Bxg4 hxg4 22. Rxd8 Rxd8 23. Rd1 Rh8 24. Na4 g5 25. hxg5 Nxg5 26. Nc5 Nf3+ 27. Kf1 b6 28.
Nd3 Ke6 29. Ke2 Rh2 30. c5 b5 31. a4 bxa4 32. bxa4 Rh7 33. Rb1 Rd7 34. Rb6 Kd5 35. Ra6 e4 36. Nf4+ Kc4 37. Ng2 Rd2+ 38. Kf1 Rd1+ 39. Ke2 Rd2+ 40. Kf1 Kb4 41. Rxc6 Kxa4 42.
Rd6 Rc2 43. c6 Kb5 44. Rd5+ Kxc6 45. Rxa5 Kb6 46. Rxf5 Rc1+ 47. Ke2 Rc2+ 48. Kd1 Rxf2 49. Nf4 Rd2+ 50. Kc1 Rf2 51. Nd5+ Kc5 52. Nc3+ Kc4 53. Nxe4 Rf1+ 54. Kc2 Rg1 55. Nf2 Rg2 56. Kd1 Rxf2 57. Rf4+ Kd3 58. Rxg4 Rd2+ 59. Kc1 Ne1 60. Kb1 Nc2 61.
Rg8 Nxe3 62. Rd8+ Ke2 63. Rxd2+ Kxd2 64. g4 Ke2 65. g5 Nf5 66. g6 Ng7 67. Kc2 Kf3 68.
Kc3 Kg4 69. Kd4 Kg5 70. Kd5 Kxg6 1/2-1/2

[Event "Late-Titled-Tuesday-Blitz-April-02-2024"]
[Site "Chess.com"]
[Date "2024.04.02"]
[Round "2"]
[White "TheMagician"]
[Black "chucksterf10"]
[Result "0-1"]
[WhiteElo "2300"]
[BlackElo "2654"]
[TimeControl "180+1"]
[EndTime "14:18:24 PDT"]
[Termination "chucksterf10 won on time"]

1. e4 Nc6 2. Nf3 d5 3. exd5 Qxd5 4. Nc3 Qa5 5. Bb5 Bd7 6. O-O a6 7. Bxc6 Bxc6 8. Nd4 Bd7 9. Re1 Nf6 10. d3 e6 11. Bd2 Qh5 12. Ne4 Qxd1 13. Nxf6+ gxf6 14. Raxd1 Bc5 15. Bc3 O-O-O 16. Nb3 Be7 17. Re3 Rhg8 18. Rf3 f5 19. Re1 Bc6 20. Rg3 Bd6 21. Rxg8 Rxg8 22.
g3 h5 23. Be5 h4 24. Nd4 Bd7 25. Bxd6 cxd6 26. Kf1 Rg4 27. Nf3 hxg3 28. fxg3 Bc6 29. Kf2 f4 30. c3 fxg3+ 31. hxg3 e5 32. d4 e4 33. Nh2 Rg6 34. Nf1 Rf6+ 35. Kg1 d5 36.
Ne3 Rf3 37. Kg2 Kd7 38. b3 Ke6 39. c4 f5 40. Re2 a5 41. Re1 b6 42. Re2 f4 43. gxf4 Rxf4 44. Rf2 Rh4 45. Kg3 Rh6 46. Rf5 Bb7 47. cxd5+ Kd6 48. Rg5 Rf6 49. Nc4+ Kc7 50.
d6+ Kc6 51. d5+ Kc5 52. d7 Rf8 53. Re5 Rd8 54. Rxe4 Bxd5 55. Re5 Kd4 56. Re7 Bxc4 57. bxc4 Kxc4 58. Kf4 Kd5 59. a4 Kd6 60. Re5 Rxd7 61. Rb5 Kc6 62. Ke4 Rd1 0-1

[Event "Late-Titled-Tuesday-Blitz-April-02-2024"]
[Site "Chess.com"]
[Date "2024.04.02"]
[Round "2"]
[White "GMKrikor"]
[Black "AmanteDeMoi"]
[Result "1/2-1/2"]
[WhiteElo "2878"]
[BlackElo "2587"]
[TimeControl "180+1"]
[EndTime "14:18:25 PDT"]
[Termination "Game drawn by repetition"]

1. Nf3 g6 2. e4 Bg7 3. d4 d6 4. c4 e5 5. Nc3 Nc6 6. dxe5 Nxe5 7. Be2 Nxf3+ 8. Bxf3 Nf6 9. O-O O-O 10.
Re1 Be6 11. Be2 Re8 12. Bg5 Qd7 13. Qd2 Qc6 14. Qd3 Nd7 15. Nd5 Bxb2 16. Rab1 Bg7 17. Qg3 b6 18. h4 Bxd5 19. cxd5 Qc3 20. Qxc3 Bxc3 21. Rec1 Bf6 22. Bb5 Bxg5 23. hxg5 Nc5 24. Bxe8 Rxe8 25. f3 Re5 26. a4 a5 27. Rc4 Rxg5 28.
Kf2 Re5 29. g4 h6 30. Ke3 g5 31. Rh1 Kg7 32. Kd4 Re7 33. Kc3 Kg6 34. Rd4 f6 35. Ra1 Rh7 36. Rh1 h5 37. gxh5+ Rxh5 38. Rxh5 Kxh5 39. Kc4 Nxa4 40. Kb5 Nc3+ 41. Kc6 b5 42. Kxc7 b4 43. Rc4 Nb5+ 44. Kb6 b3 45. Rc1 Na3 46. Rh1+ Kg6 47. Kc6 b2 48. Kxd6 b1=Q 49. Rxb1 Nxb1 50. Kc5 a4 51. d6 a3 52. d7 a2 53. d8=Q a1=Q 54.
Qe8+ Kg7 55. Qe7+ Kh6 56. Qf8+ Kg6 57. Qg8+ Kh6 58. Qh8+ Kg6 59. Qg8+ Kh6 60. Qh8+ Kg6 61. Qg8+ 1/2-1/2

[Event "Late-Titled-Tuesday-Blitz-April-02-2024"]
[Site "Chess.com"]
[Date "2024.04.02"]
[Round "2"]
[White "chenxiaoyuer"]
[Black "Tugrik1969"]
[Result "0-1"]
[WhiteElo "2749"]
[BlackElo "2563"]
[TimeControl "180+1"]
[EndTime "14:18:27 PDT"]
[Termination "Tugrik1969 won by checkmate"]

1. e4 c5 2. Nf3 d6 3. d4 cxd4 4. Nxd4 Nf6 5. Nc3 g6 6. Be3 Bg7 7. f3 O-O 8. Qd2 Nc6 9. g4 Bd7 10. O-O-O Ne5 11. h4 Rc8 12. Kb1 Qa5 13. Be2 Rxc3 14.
Qxc3 Qxc3 15. bxc3 Rc8 16. Kb2 h5 17. g5 Ne8 18.
Nb3 Nxf3 19. Bd4 Ne5 20. Bxa7 Nc4+ 21. Bxc4 Rxc4 22. Bd4 e5 23. Bb6 Rxe4 24. Nc5 Bc6 25. Nxe4 Bxe4 26. Rhe1 Bc6 27. c4 f5 28. gxf6 Bxf6 29. Rg1 Kg7 30. Be3 Bxh4 31. Bg5 Bxg5 32. Rxg5 Kf6 33. Rdg1 Be4 34. Kc3 Ng7 35. a4 Ne6 36.
R5g3 g5 37. a5 h4 38. Rg4 Bc6 39. Kd2 h3 40. R4g3 h2 41. Rf1+ Kg6 42. Rh3 Bg2 43. Rxh2 Bxf1 44. Kc3 g4 45. Rf2 Bh3 46. Kd2 Kg5 47.
Ke3 g3 48. Rd2 g2 49. Kf2 Nd4 50. Rd1 Kf4 51. Rd3 Ne2 52. Rf3+ Kg4 53. Kxe2 g1=Q 54.
Rf2 Qg3 55. Rf8 Bg2 56. Rg8+ Kf4 57. Rxg3 Kxg3 58. Ke3 Kg4 59. c3 Kf5 60. Kd3 Ke6 61. Kc2 Bc6 62. Kb3 d5 63. Kb4 d4 64. cxd4 exd4 65.
a6 bxa6 66. Kc5 d3 67. Kxc6 d2 68. Kb7 d1=Q 69. c5 Qb3+ 70. Kxa6 Qc4+ 71. Kb6 Qb4+ 72. Kc6 Ke7 73. Kd5 Kd7 74. c6+ Kc7 75. Ke5 Qd6+ 76. Kf5 Qxc6 77. Kg4 Qe4+ 78. Kg3 Qf5 79. Kg2 Qf4 80. Kh1 Qg4 81. Kh2 Kd6 82. Kh1 Ke5 83.
Kh2 Kf4 84. Kh1 Kf3 85. Kh2 Qg2# 0-1

[Event "Late-Titled-Tuesday-Blitz-April-02-2024"]
[Site "Chess.com"]
[Date "2024.04.02"]
[Round "2"]
[White "KVAIDAN"]
[Black "Mikayel99"]
[Result "1/2-1/2"]
[WhiteElo "2300"]
[BlackElo "2536"]
[TimeControl "180+1"]
[EndTime "14:18:29 PDT"]
[Termination "Game drawn by agreement"]

1. f4 Nf6 2. Nf3 d5 3. e3 c5 4.
b3 g6 5. Bb2 Bg7 6. Be2 O-O 7. O-O Nc6 8. Qe1 d4 9. Na3 a6 10. Nc4 b5 11. Nce5 Bb7 12. Nxc6 Bxc6 13. exd4 Nd5 14. Ne5 Bxe5 15. dxe5 Nb4 16. Bd1 Qd5 17.
Qf2 Rad8 18. a3 Nxc2 19. Bxc2 Qxd2 20. Qxd2 Rxd2 21. Rf2 Rfd8 22. Bc3 R2d7 23. f5 c4 24. bxc4 bxc4 25. e6 fxe6 26. fxg6 hxg6 27. Bxg6 Rd1+ 28.
Rf1 Rxa1 29. Bxa1 Rd2 30. Bf7+ Kh7 31. Re1 Rxg2+ 32. Kf1 Rxh2 33. Bd4 Bd5 34. Bxe6 Rh1+ 35. Bg1 Rh5 36. Bxd5 Rxd5 37. Rxe7+ Kg6 38. Rc7 Rd1+ 39. Kg2 Rc1 40. Be3 Rc3 41. Kf3 Rxa3 42. Rxc4 Kf5 43. Rc5+ Ke6 44. Ke4 Ra1 45. Rc6+ Kd7 46. Rh6 Re1 47.
Kd4 Rd1+ 48. Kc5 Ke8 49. Rh7 Kd8 50. Bd4 Ke8 51. Kd5 Kd8 52. Ke5 Kc8 53. Ra7 Kd8 54. Kd5 Ke8 55. Ke6 Rxd4 56. Rxa6 Kf8 57. Ra7 Rd1 58. Ra8+ Kg7 59. Kf5 Rf1+ 60. Kg5 Rg1+ 61.
Kf4 Rf1+ 62. Kg3 Rb1 63. Ra3 Kf6 64. Kf4 Rb4+ 65. Ke3 Rb1 66. Ra2 Ke5 67. Ra5+ Kd6 68.
Ke2 Rh1 69. Kd3 Kc6 70. Kc4 Kb6 71. Rb5+ Ka6 72. Rb2 Ka5 73. Rc2 Rh4+ 74. Kb3 Kb5 75. Rc3 Rh2 76. Rg3 Kc5 77. Rg5+ Kd4 78. Kb4 Rb2+ 79.
Ka3 Rb8 80. Rg4+ Kc3 81. Rg3+ Kc4 82. Rg2 Kc3 83. Rg3+ Kc2 84. Rf3 Rb7 1/2-1/2

[Event "Late-Titled-Tuesday-Blitz-April-02-2024"]
[Site "Chess.com"]
[Date "2024.04.02"]
[Round "2"]
[White "cedchass2006"]
[Black "Indefatigable11"]
[Result "1/2-1/2"]
[WhiteElo "2411"]
[BlackElo "2053"]
[TimeControl "180+1"]
[EndTime "14:18:29 PDT"]
[Termination "Game drawn - insufficient material"]

1. d4 Nf6 2. Bf4 d5 3. Nf3 c5 4. e3 Nc6 5. Nbd2 cxd4 6. exd4 Bf5 7. c3 e6 8. Ne5 Bd6 9. Ndf3 O-O 10. Bd3 Bxd3 11.
Qxd3 Ne4 12. O-O Qc7 13. Nxc6 Bxf4 14. Nce5 f6 15. Ng4 a6 16. g3 Bd6 17. Nd2 Nxd2 18. Qxd2 b5 19. Rae1 Rfe8 20. f4 Rac8 21. Nf2 Qc4 22.
a3 a5 23. Nd3 b4 24. axb4 axb4 25. Rc1 bxc3 26. bxc3 Ra8 27. Rfe1 Ra2 28. Qe3 Ba3 29. Ra1 Rxa1 30. Rxa1 Qxc3 31. Re1 Bd6 32. Kg2 Bc7 33. f5 e5 34. dxe5 fxe5 35. Nf4 Qxe3 36. Rxe3 Bb6 37.
Re2 d4 38. Ne6 g6 39. g4 d3 40. Rxe5 Rc8 41. Rd5 Rc2+ 42. Kf3 d2 43. Rd7 gxf5 44. gxf5 Ba5 45. f6 d1=Q+ 46. Rxd1 Kf7 47. Ng5+ Kxf6 48. Nxh7+ Kg6 49. Nf8+ Kf7 50. Nd7 Rxh2 51. Ne5+ Ke6 52. Ng4 Rh3+ 53. Kf4 Bc7+ 54. Kg5 Bg3 55. Rf1 Bh4+ 56.
Kf4 Be7 57. Re1+ Kd7 58. Rd1+ Ke8 59. Kf5 Rf3+ 60. Ke4 Rf7 61. Ne5 Rf6 62. Rb1 Re6 63.
Rb8+ Bd8 64. Kd5 Re7 65. Nc6 Rd7+ 66. Ke6 Rd1 67. Ne5 Rd2 68. Rb7 Rd1 69. Rh7 Rf1 70.
Rh5 Rf6+ 71. Kd5 Be7 72. Nc6 Rd6+ 73. Ke5 Rxc6 74. Ke4 Kd7 75. Kd3 Bd6 76. Kd4 Be7 77. Ke4 Rd6 78. Rd5 Ke6 79. Rxd6+ Bxd6 1/2-1/2